Map: Apoteosis EJ

Players

ƵḝƦṻḜŁŁ - Winner!

  • Race: Protoss Protoss
  • League: Diamond

IA (Élite) 1

  • Race: Zerg Zerg

VOD

Have the link to the VOD?

Description

Time

  • Played on: Sept. 14, 2016, 1:08 p.m.
  • Length: 13:18
Show
View Real Time Build Order
Export as new Build Order

ƵḝƦṻḜŁŁ Protoss - Winner!

Build Orders: 1 Gate Expand 

Get SALT Encoding   

  12  0:02  Probe (Chrono Boost)  
  13  0:18  Probe (Chrono Boost)  
  14  0:24  Pylon  
  14  0:29  Probe (Chrono Boost)  
  15  0:45  Probe (Chrono Boost)  
  15  0:47  Gateway  
  16  0:57  Probe (Chrono Boost)  
  16  0:59  Assimilator  
  17  1:08  Probe (Chrono Boost)  
  18  1:26  Nexus  
  18  1:29  Probe (Chrono Boost)  
  19  1:38  Cybernetics Core  
  19  1:39  Probe (Chrono Boost)  
  20  1:50  Assimilator  
  20  1:52  Pylon  
  20  1:57  Probe (Chrono Boost)  
  21  2:13  Adept  
  21  2:15  Warp Gate  
  24  2:23  Probe (Chrono Boost)  
  24  2:35  Twilight Council  
  24  2:37  Adept  
  24  2:39  Probe (Chrono Boost)  
  24  2:40  Probe (Chrono Boost)  
  28  2:49  Probe (Chrono Boost)  
  30  2:52  Probe (Chrono Boost)  
  30  3:00  Probe (Chrono Boost)  
  30  3:02  Gateway  
  31  3:08  Probe (Chrono Boost)  
  32  3:18  Probe (Chrono Boost)  
  34  3:20  Probe (Chrono Boost)  
  34  3:22  Assimilator  
  34  3:23  Resonating Glaives  
  34  3:28  Probe (Chrono Boost)  
  34  3:29  Assimilator  
  34  3:32  Probe (Chrono Boost)  
  36  3:43  Gateway, Probe (Chrono Boost)  
  36  3:44  Gateway  
  36  3:46  Mothership Core (Chrono Boost)  
  38  4:17  Probe (Chrono Boost)  
  38  4:19  Probe (Chrono Boost)  
  39  4:28  Probe (Chrono Boost), Nexus  
  39  4:31  Probe (Chrono Boost)  
  42  4:38  Probe (Chrono Boost)  
  42  4:43  Probe (Chrono Boost), Pylon  
  42  4:45  Pylon  
  43  4:48  Blink  
  43  4:49  Probe (Chrono Boost)  
  44  4:56  Probe (Chrono Boost)  
  44  4:59  Probe (Chrono Boost)  
  46  5:01  Pylon  
  47  5:07  Adept  
  47  5:08  Probe (Chrono Boost), Adept x3  
  47  5:13  Pylon  
  55  5:19  Probe (Chrono Boost)  
  55  5:20  Probe (Chrono Boost)  
  57  5:30  Probe (Chrono Boost)  
  57  5:32  Probe (Chrono Boost)  
  57  5:33  Gateway  
  57  5:34  Adept x2  
  57  5:35  Adept  
  65  5:40  Sentry  
  65  5:41  Probe (Chrono Boost)  
  68  5:44  Probe (Chrono Boost)  
  69  5:52  Probe x2 (Chrono Boost)  
  69  5:54  Adept  
  69  5:55  Adept x2  
  69  5:57  Probe (Chrono Boost)  
  78  6:01  Forge  
  78  6:04  Sentry  
  80  6:08  Pylon  
  80  6:23  Probe (Chrono Boost)  
  80  6:25  Probe (Chrono Boost)  
  73  7:16  Probe x2 (Chrono Boost)  
  73  7:17  Probe (Chrono Boost)  
  73  7:18  Charge  
  73  7:19  Protoss Ground Weapons Level 1  
  73  7:22  Robotics Facility  
  75  7:25  Robotics Facility  
  75  7:26  Probe x2 (Chrono Boost), Stalker x4  
  75  7:29  Probe (Chrono Boost)  
  86  7:36  Gateway  
  88  7:37  Probe x2 (Chrono Boost)  
  88  7:38  Gateway  
  88  7:40  Pylon  
  88  7:41  Probe (Chrono Boost)  
  88  7:42  Pylon x2  
  87  7:46  Pylon  
  87  7:47  Probe x2 (Chrono Boost)  
  87  7:48  Pylon  
  83  7:53  Probe (Chrono Boost)  
  83  7:55  Stalker x4  
  83  7:56  Stalker  
  95  8:14  Probe (Chrono Boost)  
  95  8:15  Assimilator  
  95  8:16  Nexus  
  95  8:19  Pylon  
  95  8:20  Pylon  
  95  8:21  Zealot  
  95  8:22  Zealot x3, Pylon x2  
  95  8:23  Zealot  
  95  8:24  Assimilator, Pylon  
  95  8:26  Immortal x2  
  113  8:29  Assimilator  
  113  8:47  Robotics Bay  
  113  8:57  Assimilator  
  113  9:00  Probe (Chrono Boost)  
  114  9:06  Probe (Chrono Boost)  
  114  9:07  Probe (Chrono Boost)  
  116  9:20  Protoss Ground Weapons Level 2  
  116  9:23  Stalker  
  118  9:26  Stalker x3  
  118  9:27  Stalker  
  126  9:36  Disruptor  
  126  9:37  Disruptor  
  132  9:52  Gateway  
  132  9:57  Gateway  
  132  9:59  Gateway  
  132  10:02  Gateway  
  132  10:05  Gateway  
  132  10:07  Gateway  
  132  10:10  Gateway, Stalker x2  
  132  10:11  Stalker x5  
  132  10:12  Gateway  
  97  10:48  Disruptor  
  106  10:59  Stalker  
  106  11:00  Stalker x6  
  120  11:11  Disruptor  
  117  11:19  Disruptor  
  117  11:22  Protoss Ground Armor Level 1  
  117  11:23  Stalker  
  117  11:24  Stalker x7  
  136  11:38  Probe (Chrono Boost)  
  137  11:42  Disruptor  
  118  12:06  Stalker x2  
  122  12:11  Stalker x12  
  122  12:12  Stalker  
  144  12:36  Stalker  
  144  12:40  Stalker  
  144  12:41  Stalker x9  
  144  12:42  Stalker  
Show
View Real Time Build Order
Export as new Build Order

IA (Élite) 1 Zerg 

Build Orders: Pool First 

Get SALT Encoding   

  12  0:00  Drone  
  13  0:12  Overlord  
  13  0:17  Drone  
  14  0:30  Drone x2  
  16  0:42  Spawning Pool  
  16  0:45  Drone  
  16  0:50  Drone  
  17  1:14  Hatchery  
  17  1:16  Drone  
  17  1:19  Extractor  
  17  1:22  Drone  
  17  1:26  Extractor  
  17  1:28  Drone  
  17  1:33  Drone  
  17  1:38  Drone  
  19  1:49  Overlord  
  19  2:01  Queen  
  19  2:07  Zergling x2  
  22  2:10  Drone  
  23  2:26  Queen  
  25  2:32  Drone  
  26  2:37  Drone  
  26  2:42  Drone  
  28  2:47  Drone  
  29  3:00  Roach Warren  
  29  3:02  Drone  
  29  3:06  Drone  
  29  3:09  Zergling x2  
  29  3:12  Zergling x2  
  32  3:18  Overlord  
  32  3:22  Drone  
  32  3:25  Drone  
  34  3:40  Roach x2  
  40  3:41  Roach x2  
  42  3:49  Zergling x2  
  42  3:52  Lair  
  42  3:57  Overlord  
  42  4:04  Overlord  
  42  4:07  Zergling x2  
  43  4:11  Zergling x2  
  43  4:15  Zergling x2  
  43  4:17  Drone  
  46  4:18  Drone  
  46  4:23  Drone  
  46  4:24  Drone  
  49  4:28  Drone  
  50  4:32  Overlord  
  50  4:36  Roach  
  52  4:40  Roach  
  52  4:43  Roach  
  56  4:47  Roach  
  56  4:50  Overlord  
  58  4:56  Drone  
  58  4:57  Hydralisk Den  
  58  4:58  Drone  
  59  5:01  Drone  
  60  5:07  Drone  
  60  5:09  Drone  
  60  5:11  Drone  
  60  5:13  Drone  
  64  5:15  Drone  
  64  5:18  Drone  
  66  5:21  Overlord  
  66  5:24  Drone  
  66  5:25  Drone  
  66  5:26  Hydralisk  
  70  5:29  Hydralisk  
  70  5:31  Drone  
  70  5:33  Drone  
  70  5:35  Drone  
  75  5:36  Drone  
  75  5:40  Drone  
  75  5:41  Overlord  
  77  5:43  Drone  
  77  5:48  Infestation Pit  
  77  5:51  Drone  
  77  5:54  Roach  
  77  5:56  Roach  
  82  5:59  Overlord  
  82  6:08  Metabolic Boost  
  82  6:10  Evolution Chamber  
  81  6:18  Ravager  
  82  6:20  Drone, Evolution Chamber  
  82  6:22  Roach  
  82  6:24  Hatchery  
  82  6:25  Infestor  
  81  6:33  Infestor  
  81  6:36  Roach, Zerg Ground Armor Level 1  
  83  6:43  Queen  
  83  6:45  Drone, Extractor, Zerg Melee Weapons Level 1  
  83  6:48  Drone  
  83  6:50  Drone  
  83  6:53  Drone  
  75  6:56  Drone  
  64  7:03  Drone  
  64  7:07  Drone  
  63  7:10  Drone  
  63  7:13  Zergling x2  
  64  7:17  Drone  
  64  7:21  Drone  
  66  7:23  Drone  
  66  7:26  Drone  
  66  7:28  Drone  
  69  7:31  Drone  
  69  7:33  Drone  
  69  7:36  Drone x2  
  73  7:39  Drone  
  73  7:40  Overseer  
  73  7:42  Drone  
  74  7:55  Zergling x2  
  74  7:56  Drone  
  74  7:57  Hatchery  
  76  7:58  Drone  
  76  8:00  Drone  
  76  8:03  Drone  
  79  8:05  Drone  
  79  8:12  Ravager  
  80  8:14  Drone  
  80  8:16  Drone  
  82  8:22  Drone x2, Roach  
  82  8:26  Drone, Overlord  
  87  8:31  Zerg Missile Weapons Level 1  
  87  8:37  Drone x2  
  89  8:44  Zerg Ground Armor Level 2  
  89  8:47  Drone  
  91  8:48  Drone  
  91  8:50  Glial Reconstitution  
  91  8:52  Pneumatized Carapace  
  91  8:53  Hydralisk  
  91  8:54  Drone, Roach  
  96  8:58  Infestor  
  96  8:59  Overlord  
  98  9:08  Drone, Extractor  
  99  9:10  Drone x2  
  100  9:19  Drone  
  100  9:20  Drone  
  100  9:21  Drone  
  103  9:24  Hydralisk  
  103  9:25  Drone, Overlord  
  103  9:30  Drone  
  108  9:31  Drone  
  108  9:32  Drone  
  108  9:37  Extractor, Hatchery  
  107  9:39  Pathogen Glands  
  107  9:41  Drone  
  107  9:42  Drone  
  107  9:43  Drone  
  110  9:51  Spine Crawler, Drone  
  110  9:52  Overlord  
  110  9:54  Drone  
  110  9:57  Roach x2  
  110  9:58  Spine Crawler, Roach  
  116  10:02  Drone  
  116  10:03  Drone  
  116  10:05  Drone  
  119  10:07  Spine Crawler  
  119  10:10  Spine Crawler  
  119  10:13  Drone  
  118  10:14  Drone  
  118  10:16  Zergling x2, Queen  
  122  10:23  Overlord  
  122  10:24  Queen  
  122  10:25  Zergling x2  
  122  10:27  Zergling x2  
  125  10:28  Zergling x2  
  125  10:29  Zergling x4  
  125  10:34  Zergling x2  
  113  10:35  Zergling x2, Neural Parasite  
  113  10:38  Roach  
  101  10:45  Roach  
  101  10:46  Roach  
  101  10:49  Zergling x2, Roach  
  104  10:56  Drone  
  106  10:57  Drone  
  106  11:00  Zergling x2, Roach x2, Hydralisk x2  
  106  11:01  Zerg Melee Weapons Level 2  
  106  11:02  Evolution Chamber  
  106  11:03  Ravager  
  115  11:06  Roach, Ravager  
  115  11:07  Hydralisk  
  115  11:10  Drone, Overseer  
  115  11:11  Overlord  
  121  11:17  Drone  
  123  11:18  Drone  
  123  11:21  Drone  
  123  11:22  Hydralisk, Drone  
  123  11:23  Roach x2  
  123  11:24  Spore Crawler  
  130  11:28  Drone  
  130  11:29  Spore Crawler  
  130  11:30  Spore Crawler, Overlord  
  130  11:31  Drone x2, Roach  
  130  11:32  Roach  
  135  11:34  Infestor  
  135  11:38  Infestor  
  139  11:41  Spore Crawler, Hive  
  139  11:44  Zergling x2  
  139  11:45  Zergling x4  
  132  11:49  Zergling x2  
  132  11:51  Zergling x2  
  116  11:54  Zergling x4  
  116  11:55  Zergling x2, Extractor  
  116  11:58  Zergling x2  
  116  11:59  Zergling x2  
  116  12:00  Roach x2  
  98  12:02  Roach  
  98  12:04  Roach  
  98  12:06  Roach  
  101  12:08  Roach  
  97  12:16  Hydralisk  
  97  12:20  Drone  
  97  12:22  Drone  
  96  12:23  Drone  
  96  12:25  Drone  
  96  12:26  Drone  
  96  12:28  Zergling x2  
  96  12:29  Zergling x2  
  86  12:31  Roach  
  86  12:33  Drone  
  86  12:35  Drone  
  86  12:36  Drone  
  90  12:39  Drone  
  90  12:41  Overseer  
  90  12:42  Infestor  
  86  12:54  Zergling x2  
  86  12:56  Zergling x2  
  73  13:01  Hatchery  
  73  13:03  Ultralisk Cavern  
Tags
 
Add a new tag
Caveats
  • Supply blocks, unpowered buildings, or Contaminate may cause inaccurate times.
  • Supply counts are checked every 10 seconds.